 Dungeon Crawl Stone Soup version 0.30.0-29-ga12c61a403 (webtiles) character file.

Game seed: 16357623453146041921

2938 SINGYOURBLESSINGS the Shield-Bearer (level 10, -13/80 HPs)
             Began as a Formicid Fighter on June 7, 2023.
             Was a Priest of Okawaru.
             Mangled by a boulder beetle (22 damage)
             ... on level 8 of the Dungeon.
             The game lasted 00:11:06 (7337 turns).

SINGYOURBLESSINGS the Shield-Bearer (FoFi)          Turns: 7337, Time: 00:11:06

Health: -13/80     AC: 25    Str: 33    XL:     10   Next: 7%
Magic:  4/4        EV:  9    Int: 13    God:    Okawaru [***...]
Gold:   469        SH:  6    Dex: 13    Spells: 9/9 levels left

rFire   + + .        i - +1 flail (protect)
rCold   . . .        c - +0 buckler
rNeg    + . .        A - +4 chain mail "Mufet" {rF+ Int+3}
rPois   .            (helmet unavailable)
rElec   .            m - +0 cloak
rCorr   .            (no gloves)
SInv    +            h - +1 pair of boots
Will    ++...        r - amulet of Otiothre {RegenMP rF+ MP-9 Str+7 Int+3} Stlth
                     u - ring of willpower
HPRegen 0.33/turn    E - ring of positive energy
MPRegen 0.49/turn

%: no passive effects
@: mighty, under a protective aura
A: permanent stasis, dig shafts and tunnels, antennae 3, four strong arms
a: Dig, Shaft Self, Renounce Religion, Heroism


You were on level 8 of the Dungeon.
You worshipped Okawaru.
Okawaru was most pleased with you.
You visited 1 branch of the dungeon, and saw 8 of its levels.

You collected 469 gold pieces.

Inventory:

Hand Weapons
 a - a +0 war axe
 i - a +1 flail of protection (weapon)
 B - a +1 morningstar of venom
Armour
 c - a +0 buckler (worn)
 h - a +1 pair of boots (worn)
 m - a +0 cloak (worn)
 A - the +4 chain mail "Mufet" (worn) {rF+ Int+3}
   (You found it on level 6 of the Dungeon)

   Int:       It affects your intelligence (+3).
   rF:        It protects you from fire.
Jewellery
 r - the amulet of Otiothre (around neck) {RegenMP rF+ MP-9 Str+7 Int+3}
   (You acquired it on level 6 of the Dungeon)

   [amulet of magic regeneration]

   It increases your rate of magic regeneration.
   Str:       It affects your strength (+7).
   Int:       It affects your intelligence (+3).
   rF:        It protects you from fire.
   MP:        It affects your magic capacity (-9).
 u - a ring of willpower (left hand)
 E - a ring of positive energy (right hand)
Wands
 x - a wand of flame (12)
Scrolls
 b - 3 scrolls of teleportation
 e - a scroll of noise
 g - a scroll of magic mapping
 k - a scroll of brand weapon
 n - 3 scrolls of identify
 p - 3 scrolls of immolation
 s - a scroll of fog
 t - 2 scrolls of fear
 v - a scroll of poison
 y - a scroll of amnesia {unknown}
 C - a scroll of vulnerability {unknown}
Potions
 d - a potion of might
 f - 3 potions of cancellation {unknown}
 j - a potion of resistance {unknown}
 l - a potion of lignification {unknown}
 o - 2 potions of brilliance {unknown}
 q - 3 potions of mutation {unknown}
 w - 2 potions of haste {unknown}
 z - 2 potions of invisibility {unknown}
 D - a potion of degeneration {unknown}
 F - a potion of flight {unknown}


   Skills:
 * Level 7.8 Fighting
 * Level 7.6 Axes
 + Level 6.6 Armour
 + Level 7.8 Shields
 + Level 4.0 Invocations
 + Level 3.7 Evocations


You had 9 spell levels left.
You didn't know any spells.
Your spell library contained the following spells:

 Spells                   Type           Power      Damage    Failure   Level
 Apportation              Tloc           0%         N/A       75%         1
 Kiss of Death            Conj/Necr      0%         2d5       75%         1
 Necrotise                Necr           0%         1d4       75%         1
 Ensorcelled Hibernation  Hex/Ice        0%         N/A       86%         2
 Passwall                 Tmut/Erth      0%         N/A       86%         2
 Sublimation of Blood     Necr           0%         N/A       86%         2
 Wereblood                Tmut           0%         N/A       86%         2
 Confusing Touch          Hex            0%         N/A       98%         3
 Portal Projectile        Hex/Tloc       0%         N/A       98%         3
 Spider Form              Tmut/Pois      0%         N/A       98%         3
 Anguish                  Hex/Necr       0%         N/A       100%        4
 Dispel Undead            Necr           0%         3d6       100%        4
 Leda's Liquefaction      Hex/Erth       0%         N/A       100%        4
 Alistair's Intoxication  Tmut/Pois      0%         N/A       100%        5
 Borgnjor's Vile Clutch   Necr/Erth      0%         N/A       100%        5
 Eringya's Noxious Bog    Tmut/Pois      0%         N/A       100%        6
 Summon Small Mammal      Summ           Unusable   N/A       N/A         1
 Call Canine Familiar     Summ           Unusable   N/A       N/A         3
 Swiftness                Air            Unusable   N/A       N/A         3
 Summon Hydra             Summ           Unusable   N/A       N/A         7

Dungeon Overview and Level Annotations

Branches:
Dungeon (8/15)             Temple (0/1) D:6
   Lair: D:8-11

Altars:
Ashenzari
Cheibriados
Dithmenos
Hepliaklqana
Makhleb
Okawaru
Ru
Trog
Uskayaw
Xom
Yredelemnul
Zin


Innate Abilities, Weirdness & Mutations

You cannot be hasted, slowed, berserked, paralysed or teleported.
You can dig through walls and to a lower floor.
You have a pair of large antennae on your head. (SInv)
Your four strong arms can wield two-handed weapons with a shield.


Message History

The boulder beetle is almost dead.
Aiming: Throw Flame
Press: ? - help, Shift-Dir - straight line, f/p - boulder beetle
Aim: a boulder beetle (almost dead, 100% to hit)
The puff of flame hits the boulder beetle but does no damage.
The boulder beetle is almost dead.
Aiming: Throw Flame
Press: ? - help, Shift-Dir - straight line, f/p - boulder beetle
Aim: a boulder beetle (almost dead, 100% to hit)
The puff of flame hits the boulder beetle but does no damage.
The boulder beetle is almost dead.
The boulder beetle leaps!
Okay, then.
Okay, then.
Okay, then.
Okay, then.
Okay, then.
Aiming: Throw Flame
Press: ? - help, Shift-Dir - straight line, f/p - boulder beetle
Aim: a boulder beetle (almost dead, 100% to hit)
The puff of flame hits the boulder beetle but does no damage.
The boulder beetle is almost dead.
The boulder beetle curls into a ball and begins rolling!
Aiming: Throw Flame
Press: ? - help, Shift-Dir - straight line, f/p - boulder beetle
Aim: a boulder beetle (almost dead, rolling, 100% to hit)
The puff of flame hits the boulder beetle.
The boulder beetle is almost dead.
Aiming: Throw Flame
Press: ? - help, Shift-Dir - straight line, f/p - boulder beetle
Aim: a boulder beetle (almost dead, rolling, 100% to hit)
The puff of flame hits the boulder beetle but does no damage.
The boulder beetle is almost dead.
Okay, then.
Okay, then.
You hit the boulder beetle.
Your weapon exudes an aura of protection.
The boulder beetle is almost dead.
The boulder beetle hits you!!
You die...

.#..## .. ...... #
.#### . .... .# .# .
#. #..# ..# .#
..##.###.<##..# .#
..............# .#
.........°....# .#
.........°##..# ##
..##.)...B##### #
.##..##†.@!..#
###+##..##.(##......#
........#...........#
##..######..##..##..#
##..##..######..##..#
#.......##..##...#..#
#................# .#
#...##..##..##..## .#
#...######..##..#


You could see a boulder beetle (rolling).

Vanquished Creatures
  Grinder (D:3)
  A steam dragon (D:6)
  2 ice beasts
  2 black bears (D:7)
  An orc warrior (D:7)
  2 ogres
  2 centaurs
  A phantom (D:4)
  4 bullfrogs
  3 scorpions
  10 wights
  A howler monkey (D:4)
  A jelly (D:8)
  A gnoll bouda (D:5)
  6 hounds
  3 orc priests
  2 sleepcaps
  2 iguanas
  3 orc wizards
  3 gnolls (D:5)
  11 adders
  2 shadow imps
  An ufetubus (D:5)
  2 worms (D:2)
  3 dart slugs
  14 orcs
  5 ball pythons
  6 endoplasms
  5 giant cockroaches
  6 goblins
  7 hobgoblins
  9 jackals
  10 kobolds
  6 quokkas
  8 bats
  4 frilled lizards
  4 rats
154 creatures vanquished.

Notes
Turn   | Place    | Note
-------+----------+-------------------------------------------
     0 | D:1      | SINGYOURBLESSINGS the Formicid Fighter began the quest for
                  | the Orb.
     0 | D:1      | Reached XP level 1. HP: 18/18 MP: 1/1
    48 | D:1      | Reached XP level 2. HP: 14/24 MP: 2/2
   212 | D:1      | Reached XP level 3. HP: 23/29 MP: 3/3
   661 | D:2      | Reached XP level 4. HP: 37/37 MP: 4/4
   994 | D:2      | Reached XP level 5. HP: 41/42 MP: 5/5
  1572 | D:3      | Found a sacrificial altar of Ru.
  1626 | D:3      | Reached skill level 5 in Shields
  1792 | D:3      | Found a shadowy altar of Dithmenos.
  1800 | D:3      | Noticed Grinder
  1834 | D:3      | Killed Grinder
  1835 | D:3      | Reached XP level 6. HP: 32/49 MP: 6/6
  1835 | D:3      | Reached XP level 7. HP: 36/55 MP: 7/7
  2167 | D:3      | Found a shimmering altar of Xom.
  2169 | D:3      | Found an iron altar of Okawaru.
  2173 | D:3      | Found a snail-covered altar of Cheibriados.
  2336 | D:3      | Became a worshipper of Warmaster Okawaru
  2659 | D:4      | Reached skill level 5 in Axes
  2836 | D:4      | Reached skill level 5 in Armour
  2876 | D:4      | Reached skill level 5 in Fighting
  2889 | D:4      | Reached XP level 8. HP: 47/62 MP: 8/8
  3274 | D:5      | Entered Level 5 of the Dungeon
  3324 | D:5      | Reached skill level 1 in Invocations
  3746 | D:5      | Reached * piety under Okawaru
  3751 | D:5      | Reached skill level 1 in Evocations
  4528 | D:6      | Identified a scroll of acquirement
  4530 | D:6      | Acquired the amulet of Otiothre {RegenMP rF+ MP-9 Str+7
                  | Int+3}
  4620 | D:6      | Found a staircase to the Ecumenical Temple.
  4879 | D:6      | Identified the +4 chain mail "Mufet" {rF+ Int+3}
  4955 | D:6      | Reached ** piety under Okawaru
  4956 | D:6      | Reached XP level 9. HP: 65/70 MP: 1/10
  5145 | D:6      | Found a bloodstained altar of Trog.
  6028 | D:6      | Found a glowing silver altar of Zin.
  6032 | D:6      | Found a burning altar of Makhleb.
  6035 | D:6      | Found a broken altar of Ashenzari.
  6748 | D:7      | Reached *** piety under Okawaru
  6898 | D:7      | Found a hide-covered altar of Uskayaw.
  6980 | D:7      | Found a basalt altar of Yredelemnul.
  7010 | D:7      | Reached XP level 10. HP: 79/79 MP: 3/12
  7096 | D:8      | Found a hazy altar of Hepliaklqana.
  7290 | D:8      | Noticed a boulder beetle
  7318 | D:8      | HP: 3/80 [boulder beetle (7)]
  7337 | D:8      | Mangled by a boulder beetle

Illustrated notes

Levels and vault maps discovered:
D:1:      spicycebolla_arrival_ecumenical, layout_rooms,
          nicolae_concentric_dashed_squares_mild, solitary_fountain,
          minmay_three_crescents
D:2:      layout_loops_ring, serial_bayou_lagoon_a
D:3:      minmay_recursive_quarters, layout_basic,
          nicolae_overflow_crystal_walls, grunt_temple_overflow_diamond,
          nicolae_ru_the_path_less_chosen, nicolae_kite_square_tiling_tiny,
          uniq_grinder
D:4:      layout_basic
D:5:      layout_cave_pods
D:6:      layout_layer_cave, bloody_trog, minmay_overflow_temple_star_quad,
          minmay_temple_entry_proselytizer
D:7:      layout_basic, nicolae_overflow_hidden_temple,
          mainiacjoe_overflow_alcove_1
D:8:      minmay_bubble_buster, layout_gridville, lemuel_doored_altar,
          mainiacjoe_overflow_alcove_4, mainiacjoe_overflow_tiny_flanked

Skill      XL: |  1  2  3  4  5  6  7  8  9 10 |
---------------+-------------------------------+-----
Axes           | 3 4 5 6 7 |  7.6
Fighting       | 4 5 6 7 |  7.8
Armour         | 4 5 6 |  6.6
Shields        | 5 6 7 |  7.8
Invocations    | 2 3 4 |  4.0
Evocations     | 2 3 |  3.7

Action                     |  1- 3 |  4- 6 |  7- 9 | 10-12 || total
---------------------------+-------+-------+-------+-------++-------
  Melee: War axe           |    93 |     4 |       |       ||    97
         Flail             |       |   154 |   339 |    50 ||   543
 Invoke: Heroism           |       |       |       |     1 ||     1
Ability: Dig               |     5 |     2 |     2 |     4 ||    13
  Evoke: Wand              |       |       |       |     8 ||     8
    Use: Scroll            |     3 |       |     7 |       ||    10
         Potion            |       |       |       |     1 ||     1
 Armour: Scale mail        |    61 |    28 |       |       ||    89
         Plate armour      |       |    91 |   152 |       ||   243
         Chain mail        |       |       |   100 |    14 ||   114
         Skin              |       |       |     3 |       ||     3
  Dodge: Dodged            |    51 |    61 |   140 |    15 ||   267
  Block: Buckler           |    29 |    47 |   110 |    12 ||   198
